 Dungeon Crawl Stone Soup version 0.30.0-3-ga4e48a9924 (webtiles) character file.

Game seed: 15919820345450355019

293 hawla the Firebug (level 6, -10/45 HPs)
             Began as a Meteoran Fire Elementalist on May 7, 2023.
             Mangled by a sleepcap (19 damage)
             ... on level 4 of the Dungeon.
             The game lasted 00:03:49 (855 turns).

hawla the Firebug (Meteoran Fire Elementalist)       Turns: 855, Time: 00:03:49

Health: -10/45     AC:  5    Str:  9    XL:     6   Next: 91%
Magic:  1/13       EV:  2    Int: 20    God:
Gold:   105        SH:  0    Dex: 14    Spells: 6/13 levels left

rFire   . . .        (no weapon)
rCold   . . .        (no shield)
rNeg    . . .        a - +0 robe
rPois   .            (no helmet)
rElec   .            (no cloak)
rCorr   .            g - +2 pair of gloves
SInv    .            (no boots)
Will    .....        (no amulet)
Stlth   +            (no ring)
HPRegen 0.27/turn    (no ring)
MPRegen 0.13/turn

%: no passive effects
@: sleeping, glowing
A: sense surroundings 1, otherworldly, glowing, explore regen
a: no special abilities


You were on level 4 of the Dungeon.
You visited 1 branch of the dungeon, and saw 4 of its levels.

You collected 105 gold pieces.

Inventory:

Armour
 a - a +0 robe (worn)
 g - a +2 pair of gloves (worn)
Jewellery
 f - a ring of fire
 j - an amulet of magic regeneration
Wands
 b - a wand of flame (17) (quivered)
 i - a wand of paralysis (4)
Scrolls
 k - a scroll of acquirement {unknown}
Potions
 c - a potion of heal wounds {unknown}
 d - a potion of brilliance
 e - a potion of flight {unknown}
 h - 2 potions of curing {unknown}


   Skills:
 - Level 0.1 Fighting
 - Level 3.0 Dodging
 - Level 1.4 Stealth
 - Level 4.2 Spellcasting
 + Level 5.0 Conjurations
 - Level 5.2 Fire Magic


You had 6 spell levels left.
You knew the following spells:

 Your Spells              Type           Power      Damage    Failure   Level
a - Foxfire               Conj/Fire      96%        2x1d8     1%          1
b - Scorch                Fire           50%        2d7       2%          2
c - Flame Wave            Conj/Fire      24%        2d8       16%         4

Your spell library contained the following spells:

 Spells                   Type           Power      Damage    Failure   Level
 Inner Flame              Hex/Fire       14%        N/A       13%         3
 Volatile Blastmotes      Fire/Tloc      28%        2d12      13%         3


Dungeon Overview and Level Annotations

Branches:
Dungeon (4/15) Zot: 1544
 Temple: D:4-7

Altars:
Makhleb

Shops:
D:4 [


Innate Abilities, Weirdness & Mutations

You passively map a small area around you.
You are easily found by Zot.
You glow in the dark.
You regain HP and MP as you explore.


Message History

You hit the sleepcap but do no damage.
The sleepcap is severely damaged.
The sleepcap barely misses you.
You hit the sleepcap but do no damage.
The sleepcap is severely damaged.
The sleepcap releases spores at you.
You are engulfed in a cloud of soporific spores!
You fall asleep.
The sleepcap releases spores at you.
You wake up.
You are engulfed in a cloud of soporific spores!
You are unaffected.
Casting: Foxfire (safe; 1% risk of failure)
Confirm with . or Enter, or press ? or * to list all spells.
Flames lash the sleepcap.
The sleepcap is almost destroyed.
The sleepcap's fire resistance burns away.
The sleepcap releases spores at you.
* * * LOW HITPOINT WARNING * * *
You hit the sleepcap but do no damage.
The sleepcap is almost destroyed.
The sleepcap closely misses you.
You hit the sleepcap but do no damage.
The sleepcap is almost destroyed.
The sleepcap is no longer more vulnerable to fire.
The sleepcap releases spores at you.
* * * LOW HITPOINT WARNING * * *
You hit the sleepcap but do no damage.
The sleepcap is almost destroyed.
The sleepcap barely misses you.
You hit the sleepcap but do no damage.
The sleepcap is almost destroyed.
The sleepcap releases spores at you but does no damage.
You hit the sleepcap.
The sleepcap is almost destroyed.
The sleepcap releases spores at you.
* * * LOW HITPOINT WARNING * * *
You are engulfed in a cloud of soporific spores!
You fall asleep.
The sleepcap releases spores at you!!
You die...

##.....## #.###.#
###.# ##...##
#.....# #.# ##'#*
###.### #.# #.*
#.# #.## #,* #.#
#... **,** #.#
#... ***,,,** #.#
##.#
**,,,,,**#######.#
#.#
***,,,**,....†.f@#
#.#
**,***,#########
#.# ********,* #.#
,,,,,,,,,* #.#
********** #.. ###


You could see a sleepcap.

Vanquished Creatures
  A phantom (D:4)
  A howler monkey (D:4)
  A jelly (D:4)
  2 hounds (D:4)
  An orc wizard (D:4)
  4 adders (D:4)
  2 worms
  2 orcs (D:4)
  2 bats
  An endoplasm (D:4)
  A giant cockroach (D:4)
  A goblin (D:4)
  7 jackals (D:4)
  2 quokkas
  A ball python (D:4)
  A kobold (D:4)
30 creatures vanquished.

Vanquished Creatures (others)
  57 foxfires
57 creatures vanquished.

Grand Total: 87 creatures vanquished

Notes
Turn   | Place    | Note
-------+----------+-------------------------------------------
     0 | D:1      | hawla the Meteoran Fire Elementalist began the quest for
                  | the Orb.
     0 | D:1      | Reached XP level 1. HP: 14/14 MP: 5/5
    70 | D:2      | Reached XP level 2. HP: 20/20 MP: 1/7
   117 | D:3      | Learned a level 2 spell: Scorch
   206 | D:4      | Noticed a jelly
   208 | D:4      | Killed a jelly
   209 | D:4      | Reached XP level 3. HP: 26/26 MP: 2/9
   209 | D:4      | Reached XP level 4. HP: 33/33 MP: 2/10
   229 | D:4      | Noticed a phantom
   240 | D:4      | Killed a phantom
   241 | D:4      | Reached skill level 5 in Fire Magic
   241 | D:4      | Reached XP level 5. HP: 12/38 MP: 9/12
   246 | D:4      | Learned a level 4 spell: Flame Wave
   283 | D:4      | Found Ehap's Armour Emporium.
   321 | D:4      | Reached XP level 6. HP: 44/45 MP: 7/13
   433 | D:4      | Found a burning altar of Makhleb.
   604 | D:4      | Reached skill level 5 in Conjurations
   855 | D:4      | Mangled by a sleepcap

Illustrated notes

Levels and vault maps discovered:
D:1:      spicycebolla_arrival_risky_transporter, layout_basic,
          serial_co_window_serial, co_window_paths_a, co_window_paths_b,
          co_window_paths_b, co_window_cross_1, co_window_paths_b,
          co_window_paths_a, co_window_corner_a, co_window_2corner,
          co_window_corner_b, co_window_2corner, glass_columns_b,
          glass_columns_a, glass_columns_a
D:2:      minmay_diamond_boxcup, layout_loops_ring, uniq_terence
D:3:      layout_loops_ring, hangedman_decor_slide_cut, uniq_natasha
D:4:      layout_loops_corners, makhleb_blood_cavern_becter, serial_shops,
          nicolae_diamond_shop, dk_vineyard_2, minmay_liquid_box,
          hangedman_abyss_or_decor_stabs,
          hangedman_abyss_or_decor_jellyfish_corner, minmay_box_of_dots

Skill      XL: |  1  2  3  4  5  6 |
---------------+-------------------+-----
Spellcasting   | 3 4 |  4.2
Fire Magic     | 4 5 |  5.2
Dodging        | 3 |  3.0
Conjurations   | 2 3 5 |  5.0
Fighting       | |  0.1
Stealth        | |  1.4

Action                     |  1- 3 |  4- 6 || total
---------------------------+-------+-------++-------
  Melee: Unarmed           |       |    13 ||    13
   Cast: Foxfire           |    12 |    24 ||    36
         Scorch            |     2 |    20 ||    22
         Flame Wave        |       |     2 ||     2
    Use: Scroll            |       |     3 ||     3
         Potion            |       |     2 ||     2
 Armour: Robe              |       |     8 ||     8
  Dodge: Dodged            |     3 |    16 ||    19
